 Dungeon Crawl Stone Soup version 0.25-a0-1024-gbfbf38f2cb (webtiles) character file.

Game seed: 15449905997905267, levelgen mode: deterministic

375 Lugonue the Covered (level 6, -6/38 HPs)
             Began as a Tengu Fighter on May 12, 2020.
             Killed from afar by a phantom (33 damage)
             ... with an exploding inner flame
             ... hexed by the player character
             ... on level 4 of the Dungeon.
             The game lasted 00:05:27 (3368 turns).

Lugonue the Covered (Tengu Fighter)                 Turns: 3368, Time: 00:05:28

Health: -6/38      AC:  9    Str: 17    XL:     6   Next: 73%
Magic:  7/7        EV:  8    Int: 10    God:
Gold:   228        SH:  9    Dex: 13    Spells: 5/5 levels left

rFire    . . .     SeeInvis .   a - +0 trident
rCold    . . .     Gourm    .   c - +0 kite shield
rNeg     . . .     Faith    .   b - +0 scale mail
rPois    .         Spirit   .   (helmet restricted)
rElec    .         Reflect  .   (no cloak)
rCorr    .         Harm     .   m - +1 pair of gloves
MR       .....                  (boots unavailable)
Stlth    +.........             (no amulet)
HPRegen  0.12/turn              l - ring of stealth
MPRegen  0.10/turn              (no ring)

@: brilliant, flying quickly and evasively, drained, quick
A: beak, talons 3, able to fly
a: Stop Flying


You were on level 4 of the Dungeon.
You were not hungry.

You visited 1 branch of the dungeon, and saw 4 of its levels.

You collected 228 gold pieces.

Inventory:

Hand Weapons
 a - a +0 trident (weapon)
 d - a +0 shortbow
Missiles
 u - 12 arrows
Armour
 b - a +0 scale mail (worn)
 c - a +0 kite shield (worn)
 m - a +1 pair of gloves (worn)
Jewellery
 h - an uncursed amulet of rage {unknown}
 l - a ring of stealth (left hand)
Scrolls
 g - a scroll of enchant armour
 i - 5 scrolls of immolation
 j - 5 scrolls of teleportation {unknown}
 k - 2 scrolls of amnesia {unknown}
 n - a scroll of brand weapon {unknown}
 o - 2 scrolls of remove curse {unknown}
 r - 3 scrolls of identify {unknown}
Potions
 e - a potion of brilliance
 q - a potion of flight {unknown}
 s - 2 potions of lignification {unknown}
 t - a potion of magic {unknown}
Comestibles
 f - 7 rations


   Skills:
 + Level 3.9(3.1) Fighting
 + Level 4.4(3.6) Polearms
 + Level 4.7(3.9) Armour
 + Level 1.1(0.4) Dodging
 + Level 2.0(1.3) Stealth
 + Level 4.2(3.4) Shields


You had 5 spell levels left.
You didn't know any spells.
Your spell library was empty.

Dungeon Overview and Level Annotations

Branches:
Dungeon (4/15)
 Temple: D:4-7

Altars:
Cheibriados
Gozag


Innate Abilities, Weirdness & Mutations

You have a beak for a mouth.
You have claws for feet.
You can fly continuously.


Message History

You completely miss the phantom.
The phantom blinks!
You hit the phantom.
Flame seeps out of the phantom.
Your kick misses the phantom. You peck the phantom, but do no damage.
The phantom is lightly damaged.
The phantom is engulfed in blazing flames.
Flame seeps out of the phantom.
The phantom blinks!
The phantom hits you but does no damage.
You completely miss the phantom. Your kick misses the phantom.
Your peck misses the phantom.
The phantom is severely damaged.
The phantom barely misses you.
Your shield and scale mail prevent you from hitting the phantom.
Your kick misses the phantom.
Flame seeps out of the phantom.
You peck the phantom.
The phantom is severely damaged.
The phantom is engulfed in blazing flames.
The phantom explodes!
The fiery explosion engulfs you!!
Ouch! That really hurt!
You die...

##### ## #####.[.#
.#######.....#.#
.........###...#
########## ##.##
###.##### #....○@°#
#.#.###.# ###
#.#.###.# ....
#.#..##.# .....
#.....#.####
......##..........#
...[......#.#.....#
......#####...#...#
..... #.#######


There were no monsters in sight!

Vanquished Creatures
  A centaur (D:3)
  A centaur skeleton (D:4)
  An orc priest (D:3)
  2 worker ants (D:4)
  4 gnolls (D:3)
  8 adders
  An adder skeleton (D:4)
  A worm (D:3)
  A dart slug (D:1)
  4 orcs (D:4)
  3 giant cockroaches (D:3)
  12 goblins
  10 hobgoblins
  2 jackals (D:1)
  2 quokkas (D:2)
  13 bats
  3 frilled lizards
  4 kobolds
  6 rats
79 creatures vanquished.

Notes
Turn   | Place    | Note
-------+----------+-------------------------------------------
     0 | D:1      | Lugonue the Tengu Fighter began the quest for the Orb.
     0 | D:1      | Reached XP level 1. HP: 14/14 MP: 2/2
    10 | D:1      | Noticed an electric eel
    35 | D:1      | Noticed an electric eel
   279 | D:1      | Reached XP level 2. HP: 19/19 MP: 3/3
   885 | D:2      | Reached XP level 3. HP: 23/23 MP: 4/4
  1436 | D:2      | Reached skill level 1 in Stealth
  1436 | D:2      | Reached XP level 4. HP: 27/28 MP: 5/5
  2087 | D:3      | Gained mutation: You can fly continuously. [Tengu growth]
  2087 | D:3      | Reached XP level 5. HP: 22/32 MP: 6/6
  2398 | D:3      | Found a snail-covered altar of Cheibriados.
  2422 | D:3      | Noticed a centaur
  2433 | D:3      | Killed a centaur
  2433 | D:3      | Reached skill level 1 in Dodging
  2433 | D:3      | Reached XP level 6. HP: 27/38 MP: 7/7
  2565 | D:3      | Found an opulent altar of Gozag.
  2723 | D:3      | Noticed an orc warrior
  3322 | D:4      | Noticed a phantom
  3368 | D:4      | Killed a phantom
  3368 | D:4      | Killed from afar by a phantom

Illustrated notes

Levels and vault maps discovered:
D:1:      arrival_aquarium_b, layout_basic, minivault_25
D:2:      layout_basic, nrook_loot_triangle, grunt_ministairs_11,
          minmay_goblin_kobold_house
D:3:      layout_loops_cross, nicolae_gozag_cash_rules_everything_around_me,
          lemuel_doored_altar
D:4:      layout_loops_cross, kennysheep_vampire_church,
          minmay_temple_entry_nine_rooms, first_ration

Skill      XL: |  1  2  3  4  5  6 |
---------------+-------------------+-----
Stealth        | 1 2 |  2.0
Polearms       | 3 4 |  4.4
Armour         | 4 |  4.7
Dodging        | 1 |  1.1
Shields        | 4 |  4.2
Fighting       | |  3.9

Action                   |  1- 3 |  4- 6 || total
-------------------------+-------+-------++-------
Melee: Trident           |    99 |   156 ||   255
       Kick              |    19 |    34 ||    53
       Peck              |     4 |    16 ||    20
 Abil: Fly               |       |     1 ||     1
  Use: Potion            |       |     3 ||     3
       Scroll            |       |     2 ||     2
 Stab: Sleeping          |     4 |     5 ||     9
  Eat: Chunk             |     2 |     6 ||     8
Armor: Scale mail        |    24 |    47 ||    71
Dodge: Dodged            |    16 |    31 ||    47
Block: Kite shield       |    38 |    51 ||    89

Table legend:
 A = Non-vault XP
 B = Vault XP
 C = Vault XP percentage of total XP
 D = Non-vault monster count
 E = Vault monster count
 F = Vault count percentage of total count
                 A         B        C        D         E       F
            +---------+---------+-------+---------+---------+-------
      Total |     510 |      27 |   5.0 |      71 |       8 |  10.1
            +---------+---------+-------+---------+---------+-------
        D:1 |      33 |       0 |   0.0 |      20 |       0 |   0.0
        D:2 |      61 |      27 |  30.7 |      17 |       8 |  32.0
        D:3 |     276 |       0 |   0.0 |      25 |       0 |   0.0
        D:4 |     140 |       0 |   0.0 |       9 |       0 |   0.0
            +---------+---------+-------+---------+---------+-------
